 Dungeon Crawl Stone Soup version 0.26-b1-32-g5d43845318 (webtiles) character file.

Game seed: 13618965417459078120

3024 raph the Geomancer (level 9, -1/48 HPs)
             Began as a Deep Elf Earth Elementalist on Jan 10, 2021.
             Was a Follower of Sif Muna.
             Shot with an arrow by a centaur warrior (18 damage)
             ... on level 8 of the Dungeon.
             The game lasted 00:37:50 (11464 turns).

raph the Geomancer (Deep Elf Earth Elementalist)   Turns: 11464, Time: 00:37:51

Health: -1/48      AC:  4    Str:  9    XL:     9   Next: 55%
Magic:  5/18       EV: 14    Int: 26    God:    Sif Muna [*.....]
Gold:   127        SH:  0    Dex: 15    Spells: 0/17 levels left

rFire    . . .     SeeInvis .   a - +0 dagger (speed)
rCold    + . .     Faith    .   (no shield)
rNeg     . . .     Spirit   .   e - +1 leather armour of the Lute {Regen+ rCorr Str-2 Int+2}
rPois    .         Reflect  .   (no helmet)
rElec    .         Harm     .   (no cloak)
rCorr    +         Rampage  .   (no gloves)
Will     .....                  (no boots)
Stlth    +++.......             (no amulet)
HPRegen  0.56/turn              o - +6 ring of strength
MPRegen  0.16/turn              v - ring of protection from cold

@: no status effects
A: no striking features
a: Renounce Religion, Channel Magic


You were on level 8 of the Dungeon.
You worshipped Sif Muna.
Sif Muna was aware of your devotion.
You visited 1 branch of the dungeon, and saw 8 of its levels.
You also visited: Bailey.

You collected 413 gold pieces.
You spent 286 gold pieces at shops.

Inventory:

Hand Weapons
 a - a +0 dagger of speed (weapon)
Missiles
 b - 102 stones
 j - 4 boomerangs of dispersal
Armour
 c - a +1 robe
 e - the +1 leather armour of the Lute (worn) {Regen+ rCorr Str-2 Int+2}
   (You found it on level 4 of the Dungeon)

   It affects your strength (-2).
   It affects your intelligence (+2).
   It increases your rate of regeneration.
   It provides partial protection from all sources of acid and corrosion.
Jewellery
 o - a +6 ring of strength (left hand)
 s - an uncursed ring of fire
 v - a ring of protection from cold (right hand)
Wands
 m - a wand of random effects (11)
 n - a wand of digging (3)
 r - a wand of flame (24)
 u - a wand of iceblast (15)
 w - a wand of enslavement (13)
Scrolls
 f - a scroll of remove curse
 t - a scroll of fear
Potions
 d - 2 potions of brilliance
 g - a potion of berserk rage
 h - 2 potions of haste
 i - a potion of lignification
 l - 3 potions of ambrosia
 p - 4 potions of curing
 q - 3 potions of heal wounds


   Skills:
 + Level 1.8 Fighting
 + Level 0.7 Short Blades
 - Level 2.3 Armour
 + Level 4.3 Dodging
 + Level 4.7 Stealth
 - Level 4.7 Spellcasting
 - Level 3.5 Conjurations
 + Level 0.8 Summonings
 + Level 1.1 Necromancy
 + Level 2.0 Transmutations
 - Level 10.9 Earth Magic
 + Level 5.1 Invocations


You couldn't memorise any spells.
You knew the following spells:

 Your Spells              Type           Power        Failure   Level
a - Sandblast             Erth           100%         1%          1
b - Passwall              Tmut/Erth      32%          1%          2
c - Stone Arrow           Conj/Erth      86%          1%          3
d - Petrify               Tmut/Erth      39%          8%          4
e - Lee's Rapid Deconstr  Erth           29%          3%          5
f - Animate Skeleton      Necr           24%          7%          1
g - Summon Small Mammal   Summ           40%          8%          1

Your spell library contained the following spells:

 Spells                   Type           Power        Failure   Level
 Apportation              Tloc           12%          11%         1
 Corona                   Hex            6%           11%         1


Dungeon Overview and Level Annotations

Branches:
Dungeon (8/15)             Temple (0/1) D:7          Bailey (visited)
   Lair: D:8-11

Altars:
Cheibriados
Dithmenos
Elyvilon
Fedhas
Gozag
Hepliaklqana
Sif Muna
The Shining One

Shops:
D:5 (   D:7 *

Annotations:
D:4 1 runed translucent door, skk's ghost, amateur GrFi
D:8 exclusion: door


Message History

Confirm with . or Enter, or press ? or * to list all spells.
Aiming: Lee's Rapid Deconstruction (dangerous; 3% risk of failure)
Press: ? - help, Dir - move target, p - centaur warrior A stone wall.
The wall shatters!
The blast of rock fragments hits the centaur warrior!!
The centaur warrior is severely wounded.
The centaur warrior shoots an arrow.
The arrow hits you!
You hear two shouts!
Unknown command.
Casting: Lee's Rapid Deconstruction (dangerous; 3% risk of failure)
Confirm with . or Enter, or press ? or * to list all spells.
Aiming: Lee's Rapid Deconstruction (dangerous; 3% risk of failure)
Press: ? - help, Dir - move target A stone wall.
The wall shatters!
The blast of rock fragments hits the centaur warrior but does no damage.
The centaur warrior is severely wounded.
The centaur warrior shoots an arrow.
The arrow hits you!!
You die...

#...## ##.....########### ##...#
#................. #....#
#.#######..#Z##.## #....#
#.#....P#.##.#..# ##...##
#.#.###.#.##..#.# #....#
#.#.'.#.'..#.#..# ## #....#
#.#.###.#.#...#.# .#####....#
#.#.....#.#..##.#
..........######@#######.#.#.#.##
#######........#.........#####...
#.......>..##.#..##.##...##
#..........# #.#....#..#..
##........c# ##..#####[#.##
#.........#[##...#..#.#..
#.......#.###.##.##.#..#
#.##..........[#..#....
#.O.###+###.###.....


You could see a centaur warrior.

Vanquished Creatures
  A troll (D:8)
  Grinder (D:3)
  A water moccasin (D:7)
  A hornet zombie (D:8)
  2 orc warriors
  2 ice beasts (D:6)
  An ogre (D:5)
  7 bullfrogs
  A gnoll sergeant (D:4)
  4 scorpions
  7 wights
  A howler monkey (D:5)
  4 bullfrog zombies
  A bullfrog skeleton (D:6)
  3 hounds
  3 orc wizards
  Jessica (D:3)
  An iguana (D:5)
  Terence (D:3)
  5 worker ants
  15 adders
  8 gnolls
  A howler monkey skeleton (D:8)
  2 shadow imps
  A white imp (D:8)
  2 ufetubi
  An ooze (D:3)
  An adder skeleton (D:5)
  An adder zombie (D:8)
  4 worms
  6 dart slugs
  4 leopard geckos
  15 orcs
  17 bats
  6 giant cockroaches
  6 goblins
  3 hobgoblins
  8 jackals
  A kobold (D:2)
  2 quokkas
  3 ball pythons
  3 frilled lizards
  A leopard gecko zombie (D:5)
  2 quokka zombies (D:6)
  2 rats (D:2)
163 creatures vanquished.

Vanquished Creatures (others)
  15 fungi (D:4)
  9 plants
24 creatures vanquished.

Grand Total: 187 creatures vanquished

Notes
Turn   | Place    | Note
-------+----------+-------------------------------------------
     0 | D:1      | raph the Deep Elf Earth Elementalist began the quest for
                  | the Orb.
     0 | D:1      | Reached XP level 1. HP: 10/10 MP: 6/6
   541 | D:1      | You fall into a shaft and drop 1 floor!
   546 | D:2      | Reached XP level 2. HP: 15/15 MP: 6/8
   567 | D:2      | Learned a level 2 spell: Passwall
   980 | D:2      | Reached XP level 3. HP: 12/19 MP: 5/9
  1086 | D:2      | Learned a level 3 spell: Stone Arrow
  1294 | D:2      | Reached skill level 4 in Earth Magic
  1757 | D:2      | Reached skill level 1 in Conjurations
  1757 | D:2      | Reached XP level 4. HP: 24/24 MP: 5/11
  2005 | D:2      | Learned a level 4 spell: Petrify
  2133 | D:3      | Noticed Jessica
  2729 | D:3      | Found a blossoming altar of Fedhas.
  2734 | D:3      | Noticed Terence
  2739 | D:3      | Killed Terence
  2740 | D:3      | Reached XP level 5. HP: 28/28 MP: 0/12
  3156 | D:3      | Killed Jessica
  3847 | D:3      | Noticed Grinder
  3857 | D:3      | Paralysed by Grinder for 2 turns
  3862 | D:3      | Killed Grinder
  3863 | D:3      | Reached skill level 5 in Earth Magic
  3863 | D:3      | Reached XP level 6. HP: 20/32 MP: 6/14
  4229 | D:3      | Found a snail-covered altar of Cheibriados.
  4799 | D:4      | Found a runed translucent door.
  5032 | D:4      | Got a glimmering leather armour
  5043 | D:4      | Identified the +1 leather armour of the Lute {Regen+ rCorr
                  | Str-2 Int+2} (You found it on level 4 of the Dungeon)
  5080 | D:4      | Reached XP level 7. HP: 36/36 MP: 9/16
  5131 | D:4      | Learned a level 5 spell: Lee's Rapid Deconstruction
  5144 | D:4      | Found a hazy altar of Hepliaklqana.
  5279 | D:4      | Noticed skk's ghost (amateur GrFi)
  5295 | D:4      | Reached skill level 6 in Earth Magic
  5467 | D:4      | You fall into a shaft and drop 1 floor!
  5467 | D:5      | Entered Level 5 of the Dungeon
  5509 | D:5      | Reached skill level 1 in Armour
  6148 | D:5      | Reached skill level 7 in Earth Magic
  6352 | D:4      | Found a white marble altar of Elyvilon.
  6645 | D:4      | Reached XP level 8. HP: 41/41 MP: 0/17
  7113 | D:5      | Reached skill level 1 in Fighting
  7175 | D:5      | Reached skill level 8 in Earth Magic
  7457 | D:5      | Found Myef's Antique Weapon Boutique.
  7581 | D:5      | Found a shimmering blue altar of Sif Muna.
  7586 | D:5      | Became a worshipper of Sif Muna the Loreminder
  7683 | D:6      | Reached skill level 1 in Invocations
  7975 | D:6      | Reached skill level 9 in Earth Magic
  8707 | D:6      | Found a shadowy altar of Dithmenos.
  8996 | D:7      | Found a flagged portal.
  9000 | D:7      | Reached XP level 9. HP: 47/47 MP: 11/18
  9051 | Bailey   | Entered a bailey
  9143 | D:7      | Reached skill level 10 in Earth Magic
  9329 | D:7      | Found a glowing golden altar of the Shining One.
  9346 | D:7      | Found Jouh's General Store.
  9354 | D:7      | Bought a scroll of identify for 26 gold pieces
  9354 | D:7      | Bought a book of Cantrips for 260 gold pieces
  9356 | D:7      | Learned a level 1 spell: Animate Skeleton
  9358 | D:7      | Learned a level 1 spell: Summon Small Mammal
  9622 | D:7      | Found a staircase to the Ecumenical Temple.
 10060 | D:8      | Found an opulent altar of Gozag.
 10576 | D:8      | Found a shimmering blue altar of Sif Muna.
 10606 | D:8      | Reached * piety under Sif Muna
 10741 | D:8      | Noticed a two-headed ogre
 10989 | D:8      | Noticed a troll
 10996 | D:8      | Killed a troll
 10997 | D:8      | Reached skill level 1 in Necromancy
 10997 | D:8      | Reached skill level 5 in Invocations
 11283 | D:8      | Noticed a six-headed hydra
 11283 | D:8      | Noticed a centaur warrior
 11464 | D:8      | Shot with an arrow by a centaur warrior

Illustrated notes

Levels and vault maps discovered:
D:1:      lightli_arrival_boilingwater, layout_basic, hangedman_decor_points
D:2:      layout_loops_corners
D:3:      layout_basic, kennysheep_slug_shrine, fedhas_ov_isle_minmay,
          uniq_terence, uniq_grinder, uniq_jessica
D:4:      old_forge, layout_rooms, nzn_hepliaklqana_mist_gate,
          ebering_ghost_sewer_d, elyvilon_altar_1
D:5:      layout_rooms, basic_altar, serial_shops, nicolae_shop_stone
D:6:      layout_basic, grunt_dithmenos_shadows, grunt_decor_cap,
          kennysheep_donut
D:7:      layout_basic, tso_altar, minmay_temple_entry_glass, enter_bailey_2,
          serial_shops, shop, grunt_ministairs_13
D:8:      layout_cave_pods, nicolae_overflow_hidden_temple, grunt_gozag_statues,
          minmay_shattered_shrine

Skill      XL: |  1  2  3  4  5  6  7  8  9 |
---------------+----------------------------+-----
Earth Magic    | 4 5 7 9 10 | 10.9
Stealth        | 3 4 |  4.7
Conjurations   | 1 3 |  3.5
Dodging        | 3 4 |  4.3
Spellcasting   | 4 |  4.7
Armour         | 2 |  2.3
Fighting       | 1 |  1.8
Invocations    | 3 5 |  5.1
Necromancy     | 1 |  1.1
Transmutations | 2 |  2.0
Short Blades   | |  0.7
Summonings     | |  0.8

Action                   |  1- 3 |  4- 6 |  7- 9 || total
-------------------------+-------+-------+-------++-------
Melee: Dagger            |    41 |    85 |    90 ||   216
Throw: Stone             |       |     1 |       ||     1
 Cast: Sandblast         |    22 |    34 |    40 ||    96
       Stone Arrow       |     1 |    33 |    91 ||   125
       Lee's Rapid Decon |       |       |    18 ||    18
       Animate Skeleton  |       |       |     4 ||     4
       Petrify           |       |       |     2 ||     2
  Use: Scroll            |       |    10 |     6 ||    16
 Stab: Sleeping          |    10 |     2 |     7 ||    19
Armor: Robe              |     4 |    25 |       ||    29
       Leather armour    |       |     1 |    44 ||    45
Dodge: Dodged            |    32 |    98 |   110 ||   240
